Map: [ESL] Goldenaura

Players

Maru - Winner!

  • Race: Terran Terran
  • Spawn Location: 12:00

Cure

  • Race: Terran Terran
  • Spawn Location: 5:00

Event: IEM Katowice 2024

VOD

Have the link to the VOD?

Description

Time

  • Played on: Feb. 11, 2024, 11:51 a.m.
  • Length: 11:41

All games in this series

Show
View Real Time Build Order
Export as new Build Order

Maru Terran - Winner!

Build Orders: Cyclone Opening, Reaper Expand 

Get SALT Encoding   

  12  0:00  SCV  
  13  0:12  SCV  
  14  0:17  Supply Depot  
  14  0:24  SCV  
  15  0:38  SCV  
  15  0:40  Barracks  
  16  0:43  Refinery  
  16  0:50  SCV  
  17  1:02  SCV  
  18  1:14  SCV  
  19  1:27  Orbital Command, Reaper  
  20  1:41  Command Center  
  20  1:53  Supply Depot, SCV  
  21  1:59  Marine  
  22  2:05  SCV  
  23  2:08  Factory  
  23  2:17  SCV, Marine  
  23  2:22  Refinery  
  25  2:29  SCV  
  26  2:35  Marine  
  27  2:41  SCV  
  28  2:52  Cyclone  
  28  2:53  SCV, Starport  
  28  2:54  Orbital Command  
  31  3:01  Barracks Reactor  
  32  3:05  SCV  
  32  3:11  Refinery  
  32  3:17  SCV  
  33  3:20  SCV  
  33  3:22  Supply Depot  
  33  3:24  Cyclone  
  35  3:30  SCV  
  35  3:31  Starport Tech Lab  
  35  3:32  SCV  
  37  3:42  SCV  
  37  3:44  SCV  
  37  3:47  Command Center  
  39  3:51  Raven  
  39  3:54  SCV  
  42  3:59  SCV  
  43  4:03  Cyclone  
  43  4:04  Cyclone  
  43  4:09  Supply Depot  
  47  4:10  SCV  
  47  4:12  SCV  
  49  4:22  SCV  
  50  4:24  Barracks Tech Lab, SCV  
  50  4:25  Raven  
  52  4:34  SCV  
  52  4:36  SCV  
  50  4:39  Cyclone  
  51  4:46  SCV  
  51  4:48  SCV  
  53  4:58  SCV  
  53  5:00  Raven  
  53  5:01  SCV  
  53  5:05  Cyclone  
  53  5:06  Orbital Command  
  52  5:10  SCV  
  52  5:11  Cyclone  
  52  5:13  SCV  
  56  5:18  Refinery  
  56  5:20  Marine  
  57  5:22  SCV  
  57  5:26  Interference Matrix  
  57  5:28  SCV  
  59  5:34  SCV  
  59  5:37  Cyclone  
  59  5:38  Marine  
  59  5:41  Viking  
  59  5:42  SCV  
  65  5:46  SCV  
  65  5:47  SCV  
  67  5:50  Supply Depot  
  67  5:51  Cyclone  
  67  5:55  Marine  
  70  5:59  SCV  
  71  6:06  SCV x2  
  71  6:07  Barracks  
  71  6:08  Barracks  
  71  6:11  SCV  
  69  6:18  SCV x2  
  69  6:23  SCV  
  69  6:24  Raven  
  74  6:27  Marine  
  74  6:30  SCV  
  77  6:34  Factory x2  
  77  6:35  Cyclone x2, SCV  
  82  6:40  Supply Depot  
  82  6:41  Supply Depot  
  82  6:45  SCV  
  79  6:47  Orbital Command  
  79  6:51  SCV  
  80  6:56  Supply Depot  
  80  6:57  SCV  
  80  6:59  Raven  
  82  7:03  SCV  
  82  7:07  Cyclone  
  85  7:09  SCV  
  85  7:11  Cyclone  
  85  7:12  Refinery  
  85  7:14  SCV  
  85  7:15  SCV  
  90  7:17  Refinery  
  90  7:18  Cyclone x2  
  90  7:21  SCV  
  93  7:26  SCV  
  93  7:27  SCV  
  95  7:33  SCV  
  95  7:38  SCV  
  95  7:39  SCV  
  95  7:40  Cyclone  
  95  7:43  Cyclone  
  99  7:45  SCV  
  99  7:50  Cyclone x2, SCV  
  92  7:52  SCV  
  82  7:59  SCV  
  81  8:12  Cyclone, SCV x2  
  85  8:15  Cyclone  
  85  8:22  Cyclone  
  85  8:23  SCV  
  85  8:24  SCV x2  
  77  8:35  SCV  
  77  8:36  SCV x2  
  77  8:40  Raven  
  80  8:47  SCV  
  80  8:48  SCV x2  
  83  8:49  Hellion x3  
  83  8:52  Hurricane Engines  
  83  8:54  Hellion, Refinery  
  91  8:59  SCV  
  91  9:00  SCV x2  
  94  9:09  Factory  
  94  9:11  Cyclone x2, SCV, Supply Depot  
  94  9:12  SCV x2  
  99  9:23  SCV  
  96  9:24  SCV x2  
  96  9:26  Raven  
  100  9:35  SCV  
  100  9:36  SCV x2  
  100  9:37  Factory Reactor  
  103  9:42  Factory  
  103  9:45  Supply Depot  
  103  9:47  SCV  
  103  9:48  Cyclone, SCV x2  
  103  9:52  Cyclone  
  102  10:00  SCV x2  
  102  10:01  SCV  
  99  10:12  SCV  
  99  10:13  SCV x2  
  100  10:18  Cyclone x2  
  100  10:19  Cyclone  
  102  10:24  Cyclone x2, SCV  
  102  10:25  SCV x2  
  101  10:31  Cyclone x2  
  101  10:36  SCV  
  101  10:37  SCV x2  
  101  10:38  Engineering Bay  
  104  10:48  SCV  
  104  10:49  SCV x2  
  105  10:50  Cyclone  
  105  10:51  Cyclone x2  
  105  10:56  Cyclone  
  112  10:59  Cyclone  
  112  11:00  SCV  
  112  11:01  SCV x2  
  112  11:03  Cyclone  
  112  11:04  Cyclone  
  111  11:12  SCV  
  111  11:13  SCV x2  
  114  11:24  Missile Turret, SCV  
  114  11:25  SCV x2  
Show
View Real Time Build Order
Export as new Build Order

Cure Terran 

Build Orders: Cyclone Opening, Mech 

Get SALT Encoding   

  12  0:00  SCV  
  13  0:12  SCV  
  14  0:17  Supply Depot  
  14  0:24  SCV  
  15  0:38  SCV  
  15  0:40  Barracks  
  15  0:42  Refinery  
  16  0:51  SCV  
  16  0:52  Refinery  
  17  1:03  SCV  
  18  1:15  SCV  
  19  1:26  Reaper  
  19  1:27  Orbital Command  
  20  1:33  Supply Depot  
  20  1:42  Factory  
  20  1:53  SCV  
  21  1:59  Barracks Reactor  
  21  2:05  SCV  
  22  2:20  Command Center  
  22  2:22  SCV  
  23  2:34  SCV  
  24  2:38  Cyclone  
  24  2:39  Cyclone  
  28  2:47  Supply Depot  
  28  2:48  SCV  
  29  2:57  Starport  
  29  3:01  SCV  
  30  3:11  Cyclone  
  32  3:16  Cyclone  
  32  3:18  SCV  
  35  3:30  SCV  
  35  3:32  Orbital Command  
  36  3:37  Liberator  
  39  3:43  SCV  
  40  3:49  Cyclone  
  40  3:51  Cyclone  
  40  3:54  Refinery  
  44  3:57  SCV  
  44  3:58  SCV  
  46  4:05  Supply Depot  
  46  4:09  SCV  
  47  4:10  SCV  
  48  4:20  Medivac  
  48  4:21  SCV  
  48  4:23  SCV  
  52  4:24  Cyclone  
  52  4:26  Cyclone  
  56  4:35  Supply Depot  
  56  4:38  Factory  
  56  4:41  SCV x2  
  55  4:49  Barracks Tech Lab  
  55  4:53  SCV x2  
  50  5:02  Cyclone x2  
  50  5:06  Liberator  
  57  5:11  SCV x2  
  59  5:23  SCV x2  
  59  5:24  Command Center  
  59  5:28  Refinery  
  61  5:29  Supply Depot  
  61  5:36  Cyclone  
  61  5:37  Cyclone x2  
  61  5:42  SCV x2  
  69  5:44  Hurricane Engines  
  69  5:52  Supply Depot  
  69  5:54  SCV  
  69  5:55  Barracks Tech Lab, SCV  
  71  5:57  Factory  
  71  6:09  Cyclone x3  
  77  6:16  SCV x2  
  77  6:18  Liberator  
  71  6:35  SCV x2  
  71  6:37  Orbital Command  
  73  6:41  Cyclone x3  
  71  6:48  SCV x2  
  71  6:51  Cyclone  
  73  7:01  Factory  
  73  7:02  SCV x2  
  73  7:04  SCV  
  76  7:13  Barracks Reactor, Cyclone x3  
  76  7:14  SCV x2  
  84  7:16  SCV  
  84  7:17  Supply Depot, Refinery  
  84  7:18  Refinery  
  85  7:23  Cyclone  
  85  7:26  SCV x2  
  85  7:28  SCV  
  78  7:45  Cyclone  
  78  7:46  Siege Tank  
  78  7:47  Cyclone  
  75  7:53  Cyclone  
  75  7:55  Cyclone  
  54  8:13  SCV x3  
  54  8:18  Cyclone  
  54  8:19  Cyclone  
  59  8:25  Cyclone, SCV x3  
  42  8:29  Cyclone  
  39  8:37  SCV x3  
  42  8:49  SCV x3  
  42  8:50  Cyclone  
  42  8:51  Cyclone  
  49  8:57  Cyclone  
  49  9:01  Liberator, SCV x3  
  57  9:10  Refinery  
  57  9:13  SCV x3  
  60  9:20  Cyclone  
  60  9:22  Cyclone  
  61  9:25  SCV x3  
  64  9:32  Cyclone  
  64  9:36  Cyclone  
  68  9:39  SCV  
  68  9:42  SCV  
  68  9:45  SCV  
  71  9:52  SCV  
  72  9:54  SCV  
  72  9:57  SCV  
  72  10:01  Cyclone  
  72  10:04  Cyclone  
  74  10:08  Cyclone  
  74  10:11  Liberator  
  76  10:16  SCV  
  76  10:20  SCV  
  76  10:21  Supply Depot  
  76  10:25  Cyclone  
  66  10:32  Cyclone  
  66  10:33  Cyclone  
  66  10:34  SCV x2  
  66  10:35  SCV  
  73  10:45  Cyclone x2  
  73  10:48  SCV  
  73  10:49  SCV  
  80  10:52  Supply Depot  
  80  10:53  SCV  
  80  10:57  Liberator  
  80  10:58  Cyclone  
  85  11:05  SCV  
  80  11:16  SCV x2  
  80  11:18  SCV  
  83  11:19  Barracks Reactor  
  85  11:28  SCV  

Tags
 
Add a new tag
Caveats
  • Supply blocks, unpowered buildings, or Contaminate may cause inaccurate times.
  • Supply counts are checked every 10 seconds.